 Seeded DCSS version 0.31-a0-538-gbc85326fa9 (webtiles) character file.

Game seed: 3826825538972431165 (custom seed)

189 innerfire43 the Insei (level 5, 0/34 (41) HPs)
             Began as a Gnoll Shapeshifter on Aug 13, 2023.
             Slain by an orc
             ... wielding a +1 flail of draining
              (1 damage)
             ... on level 3 of the Dungeon.
             The game lasted 00:02:00 (1501 turns).

innerfire43 the Insei (Gnoll Shapeshifter)          Turns: 1501, Time: 00:02:01

HP:   0/34 (41)     AC: 11    Str: 14    XL:     5   Next: 68%
MP:   7/7           EV:  5    Int:  8    God:
Gold: 234           SH:  0    Dex: 14    Spells: 7/7 levels left

rFire   . .          .
                       - Unarmed
rCold   + . .        (shield currently unavailable)
rNeg    . . .        e - +1 plate armour of Igujyss {Rampage rC+}
rPois   .            (no helmet)
rElec   .            (no cloak)
rCorr   .            (no gloves)
SInv    .            (no boots)
Will    .....        (no amulet) Stlth
                     (no ring)
HPRegen 0.25/turn    (no ring)
MPRegen 0.10/turn

%: rampage
@: flux-form, glowing, heavily drained
A: glow, contaminating, fangs 1, strong nose, distributed training
a: Begin Untransformation


You were on level 3 of the Dungeon.
You were something dangerously unstable.
You visited 1 branch of the dungeon, and saw 3 of its levels.

You collected 234 gold pieces.

Inventory:

Armour
 a - a +0 animal skin
 e - the +1 plate armour of Igujyss (worn) {Rampage rC+}
   (You acquired it on level 3 of the Dungeon)

   rC+:       It protects you from cold.
   Rampage:   It bestows one free step when moving towards enemies.
Jewellery
 q - a ring of protection from cold
Talismans
 c - a beast talisman
 d - a flux talisman (active)
Scrolls
 f - 2 scrolls of vulnerability {unknown}
 g - a scroll of amnesia {unknown}
 i - a scroll of brand weapon {unknown}
 j - 2 scrolls of identify {unknown}
 k - 3 scrolls of noise {unknown}
 o - a scroll of torment {unknown}
 r - a scroll of enchant armour {unknown}
Potions
 b - a potion of lignification
 h - 2 potions of mutation {unknown}
 l - a potion of enlightenment {unknown}
 m - 2 potions of curing {unknown}
 n - a potion of cancellation {unknown}
 p - a potion of brilliance {unknown}
 s - a potion of invisibility {unknown}


   Skills:
 + Level 3.0 Fighting
 + Level 1.6 Short Blades
 + Level 1.6 Long Blades
 + Level 1.6 Axes
 + Level 1.6 Maces & Flails
 + Level 1.6 Polearms
 + Level 1.6 Staves
 + Level 1.6 Ranged Weapons
 + Level 1.6 Throwing
 + Level 1.6 Armour
 + Level 4.8 Dodging
 + Level 1.6 Stealth
 + Level 1.6 Shields
 + Level 6.7 Unarmed Combat
 + Level 1.6 Spellcasting
 + Level 1.3 Conjurations
 + Level 1.3 Hexes
 + Level 1.3 Summonings
 + Level 1.3 Necromancy
 + Level 1.3 Translocations
 + Level 1.3 Transmutations
 + Level 1.3 Fire Magic
 + Level 1.3 Ice Magic
 + Level 1.3 Air Magic
 + Level 1.3 Earth Magic
 + Level 1.3 Poison Magic
 + Level 1.8 Invocations
 + Level 1.6 Evocations
 + Level 6.6 Shapeshifting


You had 7 spell levels left.
You didn't know any spells.
Your spell library was empty.

Dungeon Overview and Level Annotations

Branches:
Dungeon (3/15)

Altars:


Innate Abilities, Weirdness & Mutations

You are something dangerously unstable.
You glow with magical radiation, making you easy to see and hit.
Foes you strike become dangerously contaminated with magical radiation.
You are incapable of wielding weapons or throwing items.
You have very sharp teeth.
Your uncanny sense of smell can sniff out nearby items.
Your experience applies equally to all skills.


Message History

* * * LOW HITPOINT WARNING * * *
Okay, then.
You closely miss the kobold. The kobold hits you but does no damage.
The endoplasm hits you but does no damage.
The quokka barely misses you.
You barely miss the kobold. The quokka bites you.
* * * LOW HITPOINT WARNING * * *
The kobold hits you but does no damage. The orc barely misses you.
The endoplasm freezes you.
You are frozen.
You resist.
* * * LOW HITPOINT WARNING * * *
You hit the kobold.
The kobold begins to glow.
The kobold is moderately wounded.
The quokka bites you but does no damage.
The kobold hits you but does no damage. The endoplasm freezes you.
You are frozen.
You resist.
* * * LOW HITPOINT WARNING * * *
The orc barely misses you.
You hit the kobold.
You kill the kobold!
The quokka bites you but does no damage.
The endoplasm hits you but does no damage.
The orc hits you but does no damage.
You feel drained.
Unknown command.
You hit the quokka but do no damage.
The quokka begins to glow.
The quokka bites you but does no damage.
The endoplasm hits you.
* * * LOW HITPOINT WARNING * * *
The orc completely misses you. The orc hits you but does no damage.
Unknown command.
You hit the quokka but do no damage.
The quokka glows dangerously bright.
The quokka bites you but does no damage.
Unknown command.
You closely miss the quokka.
The endoplasm hits you but does no damage.
The orc hits you with a +1 flail of draining.
* * * LOW HITPOINT WARNING * * *
You feel drained.
You die...

...... .#$ .......## ..
........###'###.
................ #
.............. #.
............# #.##
.......J...# #...
.......oB.# ###.
.......ro## ####### #.
.........# #.....#####)
.......#.### #.....##..).
......##...###...........
..###........###.###.....
. #..>.................
#........###>.###....
..........# #### #....


You could see 2 orcs, an endoplasm and a quokka (heavy contam).

Vanquished Creatures
  An orc priest (D:3)
  Jessica (D:2)
  Robin (D:2)
  4 gnolls (D:3)
  2 adders (D:2)
  A dart slug (D:1)
  2 orcs (D:3)
  4 bats
  6 endoplasms
  3 giant cockroaches (D:1)
  11 goblins
  6 hobgoblins
  2 jackals (D:2)
  4 kobolds
  A quokka (D:2)
  3 ball pythons
  2 frilled lizards
  5 rats
59 creatures vanquished.

Notes
Turn   | Place    | Note
-------+----------+-------------------------------------------
     0 | D:1      | innerfire43 the Gnoll Shapeshifter began the quest for the
                  | Orb.
     0 | D:1      | Reached XP level 1. HP: 17/17 MP: 1/1
   189 | D:1      | Reached XP level 2. HP: 23/23 MP: 2/2
   363 | D:1      | Reached XP level 3. HP: 28/28 MP: 3/3
   653 | D:2      | Noticed Jessica
   659 | D:2      | Killed Jessica
   660 | D:2      | Reached skill level 1 in Short Blades
   660 | D:2      | Reached skill level 1 in Long Blades
   660 | D:2      | Reached skill level 1 in Axes
   660 | D:2      | Reached skill level 1 in Maces & Flails
   660 | D:2      | Reached skill level 1 in Polearms
   660 | D:2      | Reached skill level 1 in Staves
   660 | D:2      | Reached skill level 1 in Ranged Weapons
   660 | D:2      | Reached skill level 1 in Throwing
   660 | D:2      | Reached skill level 1 in Armour
   660 | D:2      | Reached skill level 1 in Stealth
   660 | D:2      | Reached skill level 1 in Shields
   660 | D:2      | Reached skill level 1 in Spellcasting
   660 | D:2      | Reached skill level 1 in Invocations
   660 | D:2      | Reached skill level 1 in Evocations
   823 | D:2      | Reached XP level 4. HP: 31/34 MP: 5/5
  1051 | D:2      | Reached skill level 1 in Conjurations
  1051 | D:2      | Reached skill level 1 in Hexes
  1051 | D:2      | Reached skill level 1 in Summonings
  1051 | D:2      | Reached skill level 1 in Necromancy
  1051 | D:2      | Reached skill level 1 in Translocations
  1051 | D:2      | Reached skill level 1 in Transmutations
  1051 | D:2      | Reached skill level 1 in Fire Magic
  1051 | D:2      | Reached skill level 1 in Ice Magic
  1051 | D:2      | Reached skill level 1 in Air Magic
  1051 | D:2      | Reached skill level 1 in Earth Magic
  1051 | D:2      | Reached skill level 1 in Poison Magic
  1063 | D:2      | Noticed Robin
  1085 | D:2      | Killed Robin
  1339 | D:3      | Identified a scroll of acquirement
  1339 | D:3      | Acquired the +1 plate armour of Igujyss {Rampage rC+}
  1395 | D:3      | Reached XP level 5. HP: 35/40 MP: 5/7
  1501 | D:3      | HP: 1/35 [orc/+1 flail of draining (3)]
  1501 | D:3      | Slain by an orc

Illustrated notes

Levels and vault maps discovered:
D:1:      roderic_crop_circles_arrival_large, layout_basic
D:2:      layout_basic, minmay_distorted, uniq_robin, uniq_jessica
D:3:      layout_basic, minivault_24, minmay_box_of_dots

Skill      XL: |  1  2  3  4  5 |
---------------+----------------+-----
Short Blades   | 1 |  1.6
Long Blades    | 1 |  1.6
Axes           | 1 |  1.6
Maces & Flails | 1 |  1.6
Polearms       | 1 |  1.6
Staves         | 1 |  1.6
Ranged Weapons | 1 |  1.6
Throwing       | 1 |  1.6
Armour         | 1 |  1.6
Stealth        | 1 |  1.6
Shields        | 1 |  1.6
Spellcasting   | 1 |  1.6
Invocations    | 1 |  1.8
Evocations     | 1 |  1.6
Conjurations   | 1 |  1.3
Hexes          | 1 |  1.3
Summonings     | 1 |  1.3
Necromancy     | 1 |  1.3
Translocations | 1 |  1.3
Transmutations | 1 |  1.3
Fire Magic     | 1 |  1.3
Ice Magic      | 1 |  1.3
Air Magic      | 1 |  1.3
Earth Magic    | 1 |  1.3
Poison Magic   | 1 |  1.3
Fighting       | 3 |  3.0
Dodging        | |  4.8
Unarmed Combat | |  6.7
Shapeshifting  | |  6.6

Action                     |  1- 3 |  4- 6 || total
---------------------------+-------+-------++-------
  Melee: Unarmed           |    42 |    74 ||   116
         Bite              |     5 |     3 ||     8
         Punch             |       |     3 ||     3
    Use: Scroll            |       |     1 ||     1
   Stab: Sleeping          |       |     2 ||     2
 Armour: Animal skin       |     6 |     6 ||    12
         Plate armour      |       |    44 ||    44
  Dodge: Dodged            |    18 |    47 ||    65
   Form: Flux              |       |     1 ||     1

Table legend: (Time is in decaauts)
 A = Elapsed time spent in this place.
 B = Non-inter-level travel time spent in this place.
 C = Inter-level travel time spent in this place.
 D = Time resting spent in this place.
 E = Time spent auto-exploring this place.
 F = Levels seen in this place.
 G = Mean time per level.
                   A        B        C        D        E       F      G
               +--------+--------+--------+--------+--------+-----+--------+
         Total |   1486 |   1458 |     28 |      0 |   1161 |   3 |  495.3 |
       Dungeon |   1486 |   1458 |     28 |      0 |   1161 |   3 |  495.3 |
               +--------+--------+--------+--------+--------+-----+--------+

Top non-repeatable levels by time:
     D:1: 648 daAuts
     D:2: 633 daAuts
     D:3: 205 daAuts
